 Dungeon Crawl Stone Soup version 0.26.0-3-g156281e41b (webtiles) character file.

Game seed: 17248524837438705402

1365 EnegeticOcto the Grappler (level 8, -6/68 HPs)
             Began as a Ghoul Delver on Jan 9, 2021.
             Was a Follower of Wu Jian.
             Mangled by an orc warrior
             ... wielding a +0 scimitar
              (12 damage)
             ... on level 6 of the Dungeon.
             The game lasted 00:12:06 (5527 turns).

EnegeticOcto the Grappler (Ghoul Delver)            Turns: 5527, Time: 00:12:06

Health: -6/68      AC:  8    Str: 16    XL:     8   Next: 65%
Magic:  7/7        EV:  3    Int:  7    God:    Wu Jian [*.....]
Gold:   341        SH: 13    Dex: 16    Spells: 7/7 levels left

rFire    + . .     SeeInvis .     - Unarmed
rCold    + . .     Faith    .   g - +0 tower shield
rNeg     + + +     Spirit   .   j - +0 chain mail
rPois    ∞         Reflect  .   (no helmet)
rElec    .         Harm     .   (no cloak)
rCorr    .         Rampage  .   (no gloves)
Will     .....                  (no boots)
Stlth    ..........             (no amulet)
HPRegen  0.00/turn              s - +6 ring of dexterity
MPRegen  0.10/turn              a - ring of protection from fire

@: no status effects
A: claws 1, cold resistance 1, negative energy resistance 3, inhibited
regeneration, torment resistance, unbreathing
a: Renounce Religion


You were on level 6 of the Dungeon.
You worshipped Wu Jian.
Wu Jian was aware of your devotion.
You visited 1 branch of the dungeon, and saw 6 of its levels.

You collected 341 gold pieces.

Inventory:

Missiles
 m - 67 poisoned darts (quivered)
 x - 8 silver javelins
Armour
 g - a +0 tower shield (worn)
   (You found it on level 2 of the Dungeon)
 j - a +0 chain mail (worn)
   (You found it on level 3 of the Dungeon)
Jewellery
 a - a ring of protection from fire (right claw)
   (You found it on level 4 of the Dungeon)
 s - a +6 ring of dexterity (left claw)
   (You took it off a goblin on level 2 of the Dungeon)
Wands
 f - a wand of digging (7) {@v3}
 h - a wand of acid (1) {@v1}
   (You found it on level 4 of the Dungeon)
 k - a wand of flame (8) {@v4}
   (You found it on level 4 of the Dungeon)
 q - a wand of polymorph (6)
   (You found it on level 6 of the Dungeon)
 z - a wand of iceblast (6) {@v2}
   (You found it on level 5 of the Dungeon)
Scrolls
 b - 4 scrolls of fog {!r}
 c - 5 scrolls of remove curse {@r2}
 d - 2 scrolls of fear {!r}
 i - a scroll of blinking {unknown}
 n - a scroll of random uselessness {unknown}
 o - a scroll of teleportation {@r3 !r}
 p - a scroll of enchant armour {unknown}
 t - a scroll of enchant weapon {unknown}
 v - a scroll of magic mapping {@r5 !r}
 w - a scroll of amnesia {unknown}
Potions
 e - a potion of haste {@q4 !q}
 l - a potion of might {@q3 !q}
 r - a potion of magic
 u - 2 potions of curing {unknown}


   Skills:
 - Level 5.0 Fighting
 - Level 1.7 Dodging
 - Level 5.4 Stealth
 + Level 4.1 Shields
 * Level 9.3 Unarmed Combat
 + Level 1.1 Evocations


You had 7 spell levels left.
You didn't know any spells.
Your spell library contained the following spells:

 Spells                   Type           Power        Failure   Level
 Foxfire                  Conj/Fire      0%           100%        1
 Conjure Flame            Conj/Fire      0%           100%        3
 Inner Flame              Hex/Fire       0%           100%        3
 Sticky Flame             Conj/Fire      0%           100%        4
 Fireball                 Conj/Fire      0%           100%        5


Dungeon Overview and Level Annotations

Branches:
Dungeon (6/15)             Temple (0/1) D:4

Altars:
Ashenzari
Dithmenos
Hepliaklqana
Kikubaaqudgha
Ru
Wu Jian

Annotations:
D:4 Prince Ribbit
D:5 2 runed translucent doors, terminal's ghost, novice GrFi


Innate Abilities, Weirdness & Mutations

You thrive by killing the living.
You are immune to poison.
You have sharp fingernails.
Your flesh is cold resistant. (rC+)
You are immune to negative energy. (rN+++)
You do not regenerate when monsters are visible.
You are immune to unholy pain and torment.
You can survive without breathing.


Message History

You kill the orc!
The Council accepts your kill.
You see here a +0 club.
You lunge at the orc warrior.
You scratch the orc warrior but do no damage.
You block the orc warrior's attack.
You scratch the orc warrior.
The orc warrior is lightly wounded.
The orc warrior hits you with a +0 scimitar!!
There are monsters nearby!
You see here a +0 club.
Throw: 74 darts (poison)
Press: ? - help, Q - select action, (/) - cycle Shift-Dir - straight line, f - orc warrior
Aim: an orc warrior, wielding a +0 scimitar and wearing a +0 chain mail (lightly wounded)
You throw a poisoned dart. The poisoned dart hits the orc warrior.
The orc warrior is lightly wounded.
You block the orc warrior's attack.
Throw: 73 darts (poison)
Press: ? - help, Q - select action, (/) - cycle Shift-Dir - straight line, f/p - orc warrior
Aim: an orc warrior, wielding a +0 scimitar and wearing a +0 chain mail (lightly wounded)
You throw a poisoned dart. The poisoned dart hits the orc warrior.
The orc warrior is lightly wounded.
The orc warrior hits you but does no damage.
Throw: 72 darts (poison)
Press: ? - help, Q - select action, (/) - cycle Shift-Dir - straight line, f/p - orc warrior
Aim: an orc warrior, wielding a +0 scimitar and wearing a +0 chain mail (lightly wounded)
You throw a poisoned dart. The poisoned dart hits the orc warrior.
The orc warrior is poisoned.
The orc warrior is lightly wounded.
The orc warrior hits you with a +0 scimitar!
Throw: 71 darts (poison)
Press: ? - help, Q - select action, (/) - cycle Shift-Dir - straight line, f/p - orc warrior
Aim: an orc warrior, wielding a +0 scimitar and wearing a +0 chain mail (lightly wounded, poisoned)
You throw a poisoned dart. The poisoned dart hits the orc warrior.
The orc warrior is lightly wounded.
Throw: 70 darts (poison)
Press: ? - help, Q - select action, (/) - cycle Shift-Dir - straight line, f/p - orc warrior
Aim: an orc warrior, wielding a +0 scimitar and wearing a +0 chain mail (lightly wounded, poisoned)
You throw a poisoned dart. The poisoned dart hits the orc warrior.
The orc warrior is lightly wounded.
The orc warrior barely misses you.
Throw: 69 darts (poison)
Press: ? - help, Q - select action, (/) - cycle Shift-Dir - straight line, f/p - orc warrior
Aim: an orc warrior, wielding a +0 scimitar and wearing a +0 chain mail (lightly wounded, poisoned)
You throw a poisoned dart.
The poisoned dart barely misses the orc warrior.
The orc warrior hits you but does no damage.
Throw: 68 darts (poison)
Press: ? - help, Q - select action, (/) - cycle Shift-Dir - straight line, f/p - orc warrior
Aim: an orc warrior, wielding a +0 scimitar and wearing a +0 chain mail (lightly wounded, poisoned)
You throw a poisoned dart.
The poisoned dart closely misses the orc warrior.
The orc warrior looks more healthy.
You block the orc warrior's attack.
You scratch the orc warrior.
The orc warrior is moderately wounded.
You block the orc warrior's attack.
Your chain mail prevents you from hitting the orc warrior.
The orc warrior is moderately wounded.
The orc warrior hits you with a +0 scimitar!
You closely miss the orc warrior.
The orc warrior is moderately wounded.
You block the orc warrior's attack.
You closely miss the orc warrior.
The orc warrior is moderately wounded.
You claw the orc warrior!
The orc warrior is heavily wounded.
You block the orc warrior's attack.
You scratch the orc warrior.
The orc warrior is heavily wounded.
The orc warrior hits you with a +0 scimitar!
You see here a short sword.
A bullfrog comes into view.
You see here a trident.
A worm comes into view.
Evoke which item? (* to show all) (? for menu, Esc to quit)
Aiming: Corrosive Bolt
Press: ? - help, Shift-Dir - straight line, f/p - orc warrior
Aim: an orc warrior, wielding a +0 scimitar and wearing a +0 chain mail (heavily wounded, 32% to evade)
The bolt of acid hits the orc warrior.
The orc warrior is splashed with acid!
The acid corrodes the orc warrior!
The orc warrior is severely wounded.
The bolt of acid hits the orc!
The orc is splashed with acid.
The acid corrodes the orc!
You kill the orc!
The Council accepts your kill.
The orc warrior hits you with a +0 scimitar!
* * * LOW HITPOINT WARNING * * *
Okay, then.
Okay, then.
Evoke which item? (* to show all) (? for menu, Esc to quit)
Aiming: Corrosive Bolt
Press: ? - help, Shift-Dir - straight line, f/p - orc warrior
Aim: an orc warrior, wielding a +0 scimitar and wearing a +0 chain mail (severely wounded, covered in acid, 32% to evade)
The bolt of acid misses the orc warrior.
The bolt of acid hits the orc!
The orc is splashed with acid.
The acid corrodes the orc!
You kill the orc!
The Council accepts your kill.
The orc warrior hits you with a +0 scimitar!
You die...

# ####.##.F.#.##.......# #
####.###....o..)F#.#######.##
#
......().###.###.#.#######.#
# ####.#######.#
#†#.........# # # ##.##
#)########[.######
#.###.#####)# #.<....>.
#.....w....# ##.######
#.########o# #.# #
#@#########.# #...........#
#..########## #..# #.)# #...
##.## #.# #.#


You could see an orc warrior (corroded) and a bullfrog (wandering).

Vanquished Creatures
  Duvessa (D:5)
  A sky beast (D:6)
  2 centaurs
  2 ogres
  A bullfrog (D:6)
  Dowan (D:5)
  A scorpion (D:2)
  A howler monkey (D:3)
  2 hounds
  An orc priest (D:3)
  An iguana (D:4)
  5 orc wizards
  A worker ant (D:5)
  12 adders
  9 gnolls
  A shadow imp (D:6)
  An ufetubus (D:5)
  An ooze (D:3)
  2 adder skeletons
  7 worms
  3 dart slugs
  A leopard gecko (D:6)
  24 orcs
  4 giant cockroaches
  4 hobgoblins
  6 jackals (D:4)
  3 quokkas
  8 bats
  5 frilled lizards
  8 goblins
  15 kobolds
  5 rats
139 creatures vanquished.

Notes
Turn   | Place    | Note
-------+----------+-------------------------------------------
     0 | D:5      | EnegeticOcto the Ghoul Delver began the quest for the Orb.
     0 | D:5      | Reached XP level 1. HP: 19/19 MP: 0/0
    19 | D:4      | Noticed a hound
   181 | D:4      | Reached skill level 3 in Unarmed Combat
   181 | D:4      | Reached XP level 2. HP: 26/26 MP: 1/1
   381 | D:2      | Found a faded altar of an unknown god.
   581 | D:2      | Noticed a scorpion
   601 | D:2      | Killed a scorpion
   602 | D:2      | Reached skill level 4 in Unarmed Combat
   602 | D:2      | Reached XP level 3. HP: 12/33 MP: 2/2
   602 | D:2      | Reached XP level 4. HP: 14/40 MP: 3/3
  1314 | D:2      | Reached skill level 4 in Fighting
  1327 | D:2      | Reached XP level 5. HP: 43/46 MP: 4/4
  1364 | D:2      | Reached skill level 5 in Unarmed Combat
  1472 | D:2      | Found a broken altar of Ashenzari.
  1879 | D:2      | Reached XP level 6. HP: 53/53 MP: 5/5
  1932 | D:3      | Found a sacrificial altar of Ru.
  2322 | D:3      | Reached skill level 1 in Shields
  2453 | D:4      | Reached skill level 6 in Unarmed Combat
  2905 | D:3      | Reached skill level 5 in Fighting
  2905 | D:3      | Reached XP level 7. HP: 61/61 MP: 6/6
  2935 | D:4      | Reached skill level 2 in Shields
  3054 | D:4      | Found a hazy altar of Hepliaklqana.
  3055 | D:4      | Found a shadowy altar of Dithmenos.
  3056 | D:4      | Found an ornate altar of the Wu Jian Council.
  3064 | D:4      | Became a worshipper of the Wu Jian Council
  3173 | D:4      | Found a staircase to the Ecumenical Temple.
  3293 | D:5      | Found a shadowy altar of Dithmenos.
  3307 | D:5      | Reached skill level 7 in Unarmed Combat
  4161 | D:5      | Noticed Prince Ribbit
  4306 | D:5      | Found a runed translucent door.
  4541 | D:5      | Reached skill level 3 in Shields
  4637 | D:5      | Found an ancient bone altar of Kikubaaqudgha.
  4656 | D:5      | Found a runed translucent door.
  4667 | D:5      | Noticed terminal's ghost (novice GrFi)
  4720 | D:5      | Noticed Dowan
  4721 | D:5      | Noticed Duvessa
  4733 | D:5      | Killed Duvessa
  4734 | D:5      | Reached skill level 8 in Unarmed Combat
  4734 | D:5      | Reached XP level 8. HP: 43/68 MP: 7/7
  4747 | D:5      | Killed Dowan
  5231 | D:6      | Reached * piety under Wu Jian
  5248 | D:6      | Reached skill level 9 in Unarmed Combat
  5418 | D:6      | Reached skill level 4 in Shields
  5419 | D:6      | Reached skill level 1 in Evocations
  5527 | D:6      | Mangled by an orc warrior

Illustrated notes

Levels and vault maps discovered:
D:1:      tarquinn_simple_flora_water_d, layout_basic, minmay_pentomino_o4
D:2:      layout_rooms, lemuel_doored_altar, chequers_ecumenical_altar_twisty
D:3:      layout_loops_ring, overflow_temple_1_default
D:4:      layout_rooms, chequers_temple_overflow_statue_of_worship,
          minmay_temple_entry_nine_rooms, minmay_misc_feat_chi
D:5:      layout_gridville, kiku_gazebo_pond_becter, ebering_ghost_sewer_f,
          nicolae_dithmenos_shadow_blocks, uniq_prince_ribbit1, uniq_duvessa
D:6:      layout_loops_ring, bh_walls_and_bars, uniq_grinder

Skill      XL: |  1  2  3  4  5  6  7  8 |
---------------+-------------------------+-----
Unarmed Combat | 3 4 5 6 8 9 |  9.3
Fighting       | 4 5 |  5.0
Shields        | 1 3 4 |  4.1
Evocations     | 1 |  1.1
Dodging        | |  1.7
Stealth        | |  5.4

Action                   |  1- 3 |  4- 6 |  7- 9 || total
-------------------------+-------+-------+-------++-------
Melee: Unarmed           |    47 |   257 |   202 ||   506
       Punch             |       |     2 |       ||     2
Throw: Dart              |     5 |     5 |    29 ||    39
Invok: Lunge             |       |       |     9 ||     9
Evoke: Wand              |     1 |     2 |     5 ||     8
  Use: Scroll            |     1 |     5 |     4 ||    10
       Potion            |       |       |     1 ||     1
 Stab: Sleeping          |     2 |       |       ||     2
Armor: Leather armour    |     5 |       |       ||     5
       Chain mail        |    11 |   142 |    81 ||   234
Dodge: Dodged            |    26 |    58 |    12 ||    96
Block: Tower shield      |       |    91 |   112 ||   203
